 Dungeon Sprint DCSS version 0.17.1-3-g152610e (webtiles) character file.

2561 Kokonut the Grappler (level 9, -11/100 HPs)
             Began as a Troll Berserker on Mar 6, 2016.
             Was an Elder of Trog.
             Splashed by an oklob plant's acid (14 damage)
             ... in the Dungeon (Sprint I: "Red Sonja").
             The game lasted 00:02:58 (330 turns).

Kokonut the Grappler (Troll Berserker)               Turns: 330, Time: 00:02:59

Health: -11/100    AC:  1    Str: 27    XL:     9   Next: 31%
Magic:  8/8        EV: 14    Int:  3    God:    Trog [****..]
Gold:   649        SH:  0    Dex: 12    Spells: 0 memorised, 8 levels left

rFire  . . .     SeeInvis .       - Unarmed
rCold  . . .     Clarity  .     a - +0 animal skin
rNeg   . . .     SustAt   .     (no shield)
rPois  .         Gourm    +     (helmet restricted)
rElec  .         Spirit   .     (no cloak)
rCorr  .         Warding  .     (gloves unavailable)
rMut   .         NoTele   +     (boots unavailable)
MR     .....                    (no amulet)
Stlth  +.........               (no ring)
                                (no ring)

@: exhausted, corroded equipment, not resistant to hostile enchantments, very
unstealthy
A: unfitting armour, claws 3, fast metabolism 3, gourmand, regeneration 2,
shaggy fur 1, tough skin 2
a: Berserk, Trog's Hand, Brothers in Arms, Burn Spellbooks, Renounce Religion


You were in the Dungeon.
You worshipped Trog.
Trog was greatly pleased with you.
You were completely stuffed.

You visited 1 branch You collected 649 gold pieces.

Inventory:

Hand Weapons
 i - a +3 dagger of holy wrath
Armour
 a - a +0 animal skin (worn)
Scrolls
 h - a scroll of blinking
 l - a scroll of remove curse {unknown}
 q - a scroll of fear {unknown}
Potions
 c - 2 potions of curing
 d - a potion of heal wounds
 e - a potion of haste
 f - 2 potions of magic
 g - a potion of berserk rage
 j - a potion of cancellation {unknown}
 k - a potion of brilliance {unknown}
 o - a potion of flight {unknown}
Books
 n - a Young Poisoner's Handbook

   Spells                             Type                      Level
   a - Sting                          Conjuration/Poison           1
   b - Cure Poison                    Poison                       2
   c - Mephitic Cloud                 Conjuration/Poison/Air       3
   d - Olgreb's Toxic Radiance        Poison                       4
   e - Venom Bolt                     Conjuration/Poison           5
   Trog disapproves of the use of such an item.
Comestibles
 b - 3 bread rations
 m - 6 chunks of flesh
 p - a meat ration


   Skills:
 + Level 9.5 Fighting
 + Level 9.5 Dodging
 * Level 14.8 Unarmed Combat


You had 8 spell levels left.
You didn't know any spells.

Dungeon Overview and Level Annotations

Branches:
Dungeon (1/1)

Altars:
Cheibriados
Dithmenos
Elyvilon
Fedhas
Gozag
Kikubaaqudgha
Makhleb
Nemelex Xobeh
Okawaru
Qazlal
Ru
Sif Muna
Trog
Vehumet
Xom
Yredelemnul
Zin
The Shining One
Jiyva

Shops:
D ([

Annotations:
D exclusion: oklob plant


Innate Abilities, Weirdness & Mutations

You are too large for most types of armour.
You have claws for hands.
Your metabolism is lightning-fast.
You like to eat raw meat.
You heal very quickly.
You are covered in fur (AC +1).
You have very tough skin (AC +2).


Message History

The oklob plant is moderately damaged.
You scratch the oklob plant but do no damage.
The oklob plant is moderately damaged.
The oklob plant spits acid at you. The splash of acid hits you!
* * * LOW HITPOINT WARNING * * *
The acid corrodes you!
The acid burns!
* * * LOW HITPOINT WARNING * * *
You completely miss the oklob plant. You claw the oklob plant.
The oklob plant is heavily damaged.
You're too exhausted to go berserk.
You claw the oklob plant!
The oklob plant is severely damaged.
You scratch the oklob plant but do no damage.
The oklob plant is severely damaged.
The oklob plant spits acid at you. The splash of acid hits you!
* * * LOW HITPOINT WARNING * * *
The acid burns!
You die...

###############
..#.)'..#__#..+
..'..#..'..'..#
#+#####'#__####
..#...#.####§§####
###..##(#≈§§.§#..#
__##'#.)'≈§≈.§§§.#
...÷..._#≈≈≈.§#..#
._##_§#'##)#####@#
__###+#.#.§§.###P+
### ####'###.###
+.....'(∩#
##########


You could see an oklob plant.

Vanquished Creatures
  2 centaur warriors (D)
  A deep troll (D)
  A slime creature (D)
  A yak (D)
  Sigmund (D)
  A wasp (D)
  An ogre (D)
  A jelly (D)
  Ijyb (D)
10 creatures vanquished.

Notes
Turn   | Place    | Note
--------------------------------------------------------------
     0 | D        | Kokonut the Troll Berserker began the quest for the Orb.
     0 | D        | Reached XP level 1. HP: 22/22 MP: 0/0
     1 | D        | Noticed Ijyb
     8 | D        | Killed Ijyb
     8 | D        | Reached skill level 5 in Unarmed Combat
     8 | D        | Reached XP level 2. HP: 25/31 MP: 1/1
    12 | D        | Noticed an ogre
    16 | D        | Killed an ogre
    16 | D        | Reached ** piety under Trog
    16 | D        | Reached skill level 7 in Unarmed Combat
    16 | D        | Reached XP level 3. HP: 12/40 MP: 2/2
    16 | D        | Reached XP level 4. HP: 14/49 MP: 3/3
    44 | D        | Noticed Sigmund
    53 | D        | Killed Sigmund
    53 | D        | Reached skill level 5 in Fighting
    53 | D        | Reached skill level 5 in Dodging
    53 | D        | Reached skill level 9 in Unarmed Combat
    53 | D        | Reached XP level 5. HP: 15/59 MP: 4/4
    98 | D        | Found a deep blue altar of Sif Muna.
    99 | D        | Noticed a jelly
   100 | D        | Found a radiant altar of Vehumet.
   103 | D        | Killed a jelly
   103 | D        | Reached XP level 6. HP: 53/67 MP: 5/5
   134 | D        | Found Kotikeash's Antique Weapon Emporium.
   134 | D        | Found a white marble altar of Elyvilon.
   134 | D        | Found a stormy altar of Qazlal.
   134 | D        | Found a burning altar of Makhleb.
   134 | D        | Found a sacrificial altar of Ru.
   134 | D        | Found a basalt altar of Yredelemnul.
   134 | D        | Found a glowing golden altar of the Shining One.
   134 | D        | Found a sparkling altar of Nemelex Xobeh.
   134 | D        | Found a shimmering altar of Xom.
   134 | D        | Found an opulent altar of Gozag.
   134 | D        | Found an ancient bone altar of Kikubaaqudgha.
   134 | D        | Found a glowing silver altar of Zin.
   134 | D        | Noticed a yak
   137 | D        | Killed a yak
   137 | D        | Reached *** piety under Trog
   137 | D        | Reached skill level 10 in Unarmed Combat
   138 | D        | Found an iron altar of Okawaru.
   139 | D        | Found a bloodstained altar of Trog.
   159 | D        | Found a snail-covered altar of Cheibriados.
   159 | D        | Found a viscous altar of Jiyva.
   159 | D        | Found a shadowy altar of Dithmenos.
   159 | D        | Found a blossoming altar of Fedhas.
   159 | D        | Noticed a slime creature
   166 | D        | Killed a slime creature
   166 | D        | Reached skill level 11 in Unarmed Combat
   166 | D        | Reached XP level 7. HP: 71/78 MP: 6/6
   188 | D        | Noticed a centaur warrior
   188 | D        | Noticed a centaur warrior
   201 | D        | Killed a centaur warrior
   201 | D        | Reached skill level 13 in Unarmed Combat
   201 | D        | Reached XP level 8. HP: 78/88 MP: 7/7
   207 | D        | Killed a centaur warrior
   207 | D        | Reached skill level 14 in Unarmed Combat
   248 | D        | Noticed a wasp
   259 | D        | Killed a wasp
   259 | D        | Reached **** piety under Trog
   259 | D        | Reached XP level 9. HP: 34/98 MP: 8/8
   284 | D        | Noticed a deep troll
   288 | D        | Killed a deep troll
   301 | D        | Found Otacuest's Armour Emporium.
   323 | D        | Noticed an oklob plant
   330 | D        | HP: 3/100 [oklob plant/splash of acid (9)]
   330 | D        | Splashed by an oklob plant's acid

Action                   |  1- 3 |  4- 6 |  7- 9 || total
-------------------------+-------+-------+-------++-------
Melee: Unarmed           |     9 |    15 |    29 ||    53
Invok: Berserk           |     1 |     1 |     2 ||     4
       Trog's Hand       |       |     1 |       ||     1
  Eat: Chunk             |       |     4 |     9 ||    13
